 Dungeon Crawl Stone Soup version 0.24-a0-520-g8fd06ad0bc (webtiles) character file.

Game seed: 15706811766153114983

252 Arthanis the Firebug (level 5, -2/28 HPs)
             Began as a Deep Elf Fire Elementalist on July 26, 2019.
             Killed from afar by a rat (14 damage)
             ... with an exploding inner flame
             ... hexed by the player character
             ... in a sewer.
             The game lasted 00:07:23 (2306 turns).

Arthanis the Firebug (Deep Elf Fire Elementalist)   Turns: 2306, Time: 00:07:23

Health: -2/28      AC:  3    Str:  5    XL:     5   Next: 89%
Magic:  5/13       EV: 13    Int: 21    God:
Gold:   83         SH:  0    Dex: 15    Spells: 5/13 levels left

rFire    + . .     SeeInvis .   b - +0 spear
rCold    . . .     Gourm    .   (no shield)
rNeg     . . .     Faith    .   a - +0 robe
rPois    .         Spirit   .   g - +0 helmet
rElec    .         Reflect  .   (no cloak)
rCorr    .         Harm     .   (no gloves)
MR       .....                  (no boots)
Stlth    ++........             d - amulet of regeneration
HPRegen  0.49/turn              (no ring)
MPRegen  0.13/turn              (no ring)

@: no status effects
A: claws 1, fire resistance 1, subdued magic 1
a: no special abilities


You were in a sewer.
You were not hungry.

You visited 1 branch of the dungeon, and saw 4 of its levels.
You also visited: Sewer.

You collected 83 gold pieces.

Inventory:

Hand Weapons
 b - a +0 spear (weapon)
Armour
 a - a +0 robe (worn)
 e - the +0 leather armour of Refuge {rElec rC+}
   (You found it on level 4 of the Dungeon)

   It protects you from cold.
   It insulates you from electricity.
 g - a +0 helmet (worn)
Jewellery
 d - an amulet of regeneration (around neck)
Scrolls
 f - a scroll of amnesia
 l - 2 scrolls of remove curse
 q - 2 scrolls of magic mapping
Potions
 h - 2 potions of berserk rage {unknown}
 i - 2 potions of curing
 j - a potion of mutation
 n - a potion of magic {unknown}
 o - a potion of invisibility {unknown}
Comestibles
 c - 8 rations
 k - 3 chunks of flesh


   Skills:
 - Level 2.4 Dodging
 - Level 2.4 Stealth
 + Level 4.5 Spellcasting
 * Level 4.1 Conjurations
 * Level 5.3 Fire Magic


You had 5 spell levels left.
You knew the following spells:

 Your Spells              Type           Power        Failure   Level  Hunger
a - Flame Tongue          Conj/Fire      ###..        1%          1    None
b - Conjure Flame         Conj/Fire      ###.....     3%          3    ##.....
c - Sticky Flame          Conj/Fire      ###.....     13%         4    ####...

Your spell library contained the following spells:

 Spells                   Type           Power        Failure   Level  Hunger
 Throw Flame              Conj/Fire      ###...       1%          2    #......
 Inner Flame              Hex/Fire       ##......     10%         3    ##.....
 Fireball                 Conj/Fire      ###.......   36%         5    ######.


Dungeon Overview and Level Annotations

Branches:
Dungeon (4/15)
 Temple: D:4-7

Altars:


Innate Abilities, Weirdness & Mutations

You have sharp fingernails.
Your flesh is heat resistant. (rF+)
Your spells are a little easier to cast, but a little less powerful.


Message History

The flame tongue misses the river rat.
The flame tongue hits the river rat!
The river rat explodes!
The fiery explosion engulfs the rat!!
The rat explodes!
The fiery explosion engulfs the rat!!!
The rat explodes!
The fiery explosion engulfs the rat!
The rat explodes!
The fiery explosion engulfs the rat!
The rat explodes!
The fiery explosion engulfs the rat!!
The rat explodes!
The fiery explosion engulfs the rat!!!
The rat explodes!
The fiery explosion engulfs the river rat!
The river rat explodes!
The fiery explosion engulfs you! You resist. The fiery explosion engulfs you!
You resist.
Ouch! That really hurt!
You die...

##### #∩..## #####
###..#####..∩# ####
#####..##...######...###
..##.......#####......%.
............##..........
.............§§§§§......
..........§§§§§§§....≈≈≈
†........≈§§§§§§@..≈≈≈≈≈
.≈.....≈†≈§§§§§§§≈≈≈≈≈≈≈
≈...≈..≈≈≈≈≈≈≈≈≈≈≈≈≈≈≈≈≈
≈≈≈≈≈÷≈≈≈≈≈≈≈≈≈≈≈≈≈≈≈≈≈≈
†≈†≈≈÷≈≈≈≈≈≈≈≈≈≈≈≈≈≈≈≈≈≈
†≈..≈..†..≈≈r≈≈≈≈≈≈≈≈≈≈≈
.........≈..≈.≈##≈≈≈≈≈≈≈
#............... ###≈.≈≈
##........##....


You could see a rat (inner flame).

Vanquished Creatures
  An orc priest (D:4)
  A centaur skeleton (D:4)
  A worker ant (D:4)
  3 adders
  A gnoll (D:1)
  6 river rats
  A dart slug (D:1)
  4 leopard geckos
  3 orcs (D:4)
  4 giant cockroaches
  6 goblins
  5 hobgoblins
  5 jackals
  3 quokkas
  6 ball pythons
  A bat (D:3)
  2 frilled lizards
  9 kobolds
  21 rats
83 creatures vanquished.

Notes
Turn   | Place    | Note
-------+----------+-------------------------------------------
     0 | D:1      | Arthanis the Deep Elf Fire Elementalist began the quest for
                  | the Orb.
     0 | D:1      | Reached XP level 1. HP: 10/10 MP: 6/6
    13 | D:1      | Reached XP level 2. HP: 8/15 MP: 2/8
  1054 | D:2      | Reached XP level 3. HP: 19/19 MP: 9/9
  1059 | D:2      | Learned a level 3 spell: Conjure Flame
  1183 | D:2      | Reached skill level 4 in Fire Magic
  1760 | D:3      | Reached XP level 4. HP: 24/24 MP: 8/11
  1766 | D:3      | Learned a level 4 spell: Sticky Flame
  2022 | D:4      | Got a warped leather armour
  2033 | D:4      | Identified the +0 leather armour of Refuge {rElec rC+} (You
                  | found it on level 4 of the Dungeon)
  2099 | D:4      | Found a glowing drain.
  2111 | D:4      | Reached XP level 5. HP: 28/28 MP: 7/13
  2120 | D:4      | HP: 1/28 [cloud of steam (14)]
  2121 | Sewer    | Entered a sewer
  2192 | Sewer    | Reached skill level 5 in Fire Magic
  2301 | Sewer    | Gained mutation: Your spells are a little easier to cast,
                  | but a little less powerful. [potion of mutation]
  2301 | Sewer    | Gained mutation: Your flesh is heat resistant. (rF+)
                  | [potion of mutation]
  2301 | Sewer    | Gained mutation: You have sharp fingernails. [potion of
                  | mutation]
  2306 | Sewer    | Killed from afar by a rat

Levels and vault maps discovered:
D:1:      matt_arrival_grand_opening, layout_basic
D:2:      layout_loops_ring, minmay_tree_intersection
D:3:      layout_rooms
D:4:      layout_basic, first_ration, portal_sewer_entry_a
Sewer:    sewer_minmay_treatment

Skill      XL: |  1  2  3  4  5 |
---------------+----------------+-----
Conjurations   | 2 3 4 |  4.1
Fire Magic     | 4 5 |  5.3
Spellcasting   | 4 |  4.5
Dodging        | |  2.4
Stealth        | |  2.4

Action                   |  1- 3 |  4- 6 || total
-------------------------+-------+-------++-------
Melee: Spear             |     9 |     4 ||    13
 Cast: Flame Tongue      |    64 |    61 ||   125
       Sticky Flame      |       |     1 ||     1
  Use: Scroll            |     6 |     2 ||     8
       Potion            |       |     2 ||     2
 Stab: Sleeping          |     7 |       ||     7
  Eat: Chunk             |     2 |     1 ||     3
       Ration            |       |     1 ||     1
Armor: Robe              |    12 |     8 ||    20
Dodge: Dodged            |    35 |    57 ||    92

Table legend:
 A = Non-vault XP
 B = Vault XP
 C = Vault XP percentage of total XP
 D = Non-vault monster count
 E = Vault monster count
 F = Vault count percentage of total count
                 A         B        C        D         E       F
            +---------+---------+-------+---------+---------+-------
      Total |     244 |     117 |  32.4 |      56 |      27 |  32.5
            +---------+---------+-------+---------+---------+-------
        D:1 |      30 |       0 |   0.0 |      10 |       0 |   0.0
        D:2 |      53 |       0 |   0.0 |      17 |       0 |   0.0
        D:3 |      28 |       0 |   0.0 |      18 |       0 |   0.0
        D:4 |     133 |      14 |   9.5 |      11 |       2 |  15.4
      Sewer |       0 |     103 | 100.0 |       0 |      25 | 100.0
            +---------+---------+-------+---------+---------+-------
